[Event "Late Titled Tuesday Blitz February 8 2022"]
[White "Pavlidou, Ekaterini"]
[Black "Karttunen, Mika"]
[WhiteFideId "4213262"]
[BlackFideId "502081"]
[WhiteElo "2127"]
[BlackElo "2343"]
[Result "0-1"]
[Round "11"]
[TimeControl "180+1"]
[Date "2022.02.09"]
[WhiteClock "0:00:06"]
[BlackClock "0:00:05"]

1. d4 Nf6 2. c4 g6 3. Nc3 c5 4. d5 Bg7 5. e4 d6 6. h3 O-O 7. Bd3 e6 8. Nge2 exd5 9. exd5 Nbd7 10. f4 Nh5 11. O-O f5 12. Be3 Re8 13. Bf2 Ndf6 14. Qc2 Bd7 15. a4 Qa5 16. Rae1 a6 17. Bh4 Re3 18. Nc1 Rae8 19. Qd2 Rxe1 20. Rxe1 Rxe1+ 21. Bxe1 Bxa4 22. Qe2 Bd7 23. Qe7 Bf8 24. Qe3 Qd8 25. Bh4 Qe8 26. Qf3 Bh6 27. N1e2 Kg7 28. Bg5 b5 29. Nd1 b4 30. Ne3 Qc8 31. b3 a5 32. Nc1 Qe8 33. g4 fxg4 34. hxg4 Nxg4 35. Nxg4 Qe1+ 36. Kg2 Qxc1 37. Bxh6+ Kf7 38. f5 Qb2+ 39. Kh3 Nf6 40. fxg6+ hxg6 41. Bxg6+ Kxg6 42. Qd3+ Bf5 43. Qe3 Bxg4+ 44. Kg3 Qe5+ 45. Qxe5 dxe5 46. d6 Bf5 47. Bf8 Nd7 48. Be7 a4 49. Kf3 axb3 0-1


[Site "https://www.chess.com"]

[Event "Late Titled Tuesday Blitz February 8 2022"]
[White "Plotkin, Mark"]
[Black "Niemann, Hans Moke"]
[WhiteFideId "2611651"]
[BlackFideId "2093596"]
[WhiteElo "2178"]
[BlackElo "2636"]
[Result "1-0"]
[Round "11"]
[TimeControl "180+1"]
[Date "2022.02.08"]
[WhiteClock "0:00:55"]
[BlackClock "0:00:03"]

1. e4 e5 2. Nf3 Nc6 3. c3 d5 4. exd5 Qxd5 5. d4 e4 6. Nfd2 Nf6 7. Bc4 Qf5 8. O-O Bd6 9. f3 Qh5 10. h3 Qg6 11. Nxe4 Bxh3 12. Nxd6+ cxd6 13. Re1+ Kf8 14. Bf1 h5 15. Qd2 Bf5 16. Na3 h4 17. Qg5 Rh5 18. Qxg6 Bxg6 19. Bf4 Rd8 20. Nc4 Ne8 21. Rad1 Bf5 22. Rxe8+ Rxe8 23. Nxd6 Ra8 24. Nxb7 Bd7 25. Nc5 Be8 26. Bc4 Rd8 27. Re1 Nxd4 28. Bc7 Rc8 29. Bd6+ Kg8 30. cxd4 Rg5 31. Kf2 Bc6 32. Re7 Rf5 33. Re5 Bd5 34. Bxd5 Rxe5 35. Bxe5 a6 36. Bb7 Re8 37. Bxa6 Rf8 38. Bc4 Kh7 39. Nd7 Ra8 40. Bxf7 Ra4 41. Bb3 Rb4 42. Nc5 g5 43. Nd3 Rb7 44. d5 Kg6 45. d6 Kf5 46. Ba4 Ra7 47. d7 Ra8 48. Bc7 Rxa4 49. d8=Q 1-0


[Site "https://www.chess.com"]

[Event "Late Titled Tuesday Blitz February 8 2022"]
[White "Potapova, Margarita"]
[Black "Erdogdu, Mert"]
[WhiteFideId "14126869"]
[BlackFideId "6301495"]
[WhiteElo "2209"]
[BlackElo "2485"]
[Result "0-1"]
[Round "11"]
[TimeControl "180+1"]
[Date "2022.02.08"]
[WhiteClock "0:00:03"]
[BlackClock "0:00:49"]

1. d4 d5 2. c4 e6 3. Nf3 c5 4. cxd5 exd5 5. g3 Nc6 6. Bg2 Nf6 7. O-O Be7 8. Nc3 O-O 9. Be3 c4 10. Ne5 h6 11. b3 cxb3 12. Qxb3 Na5 13. Qc2 Be6 14. Qd3 Rc8 15. Rfc1 a6 16. a4 Nb3 17. Rab1 Nxc1 18. Rxc1 Qa5 19. Bd2 Bb4 20. f3 Rc7 21. Nd1 Rxc1 22. Bxc1 Qxa4 23. Nf2 Rc8 24. Bf4 Qc2 25. Qe3 Be1 26. Bxh6 Bxf2+ 27. Kxf2 gxh6 28. Qxh6 Nh7 29. h4 Qc1 30. Qh5 Rc3 31. Bh3 Qe3+ 0-1


[Site "https://www.chess.com"]

[Event "Late Titled Tuesday Blitz February 8 2022"]
[White "Pranav, V"]
[Black "Mladenovic, Stefan"]
[WhiteFideId "25060783"]
[BlackFideId "942227"]
[WhiteElo "2349"]
[BlackElo "2355"]
[Result "1-0"]
[Round "11"]
[TimeControl "180+1"]
[Date "2022.02.08"]
[WhiteClock "0:00:36"]
[BlackClock "0:00:02"]

1. e4 c5 2. Nf3 d6 3. c3 Nf6 4. Be2 g6 5. O-O Bg7 6. Bb5+ Bd7 7. Bxd7+ Qxd7 8. Re1 Nc6 9. d4 O-O 10. d5 Nd8 11. c4 b5 12. cxb5 Qxb5 13. Nc3 Qd7 14. e5 dxe5 15. Nxe5 Qf5 16. h3 h5 17. b3 Ne4 18. Nxe4 Bxe5 19. Bh6 Re8 20. Rc1 Bd4 21. Rc2 Nb7 22. Rce2 Kh7 23. Bg5 Qxd5 24. Bxe7 Qf5 25. Bh4 Kg7 26. Qc1 Rad8 27. Ng3 Qd7 28. Re7 Rxe7 29. Rxe7 Qd5 30. Rxb7 Re8 31. Re7 Bxf2+ 32. Kxf2 Qd4+ 33. Qe3 Qb2+ 34. Ne2 Rxe7 35. Bxe7 c4 36. Bc5 Qxa2 37. Bd4+ Kh7 38. Qe5 Kh6 39. Qh8+ Kg5 40. h4+ Kg4 41. Qf6 1-0


[Site "https://www.chess.com"]

[Event "Late Titled Tuesday Blitz February 8 2022"]
[White "Punin, Andrii"]
[Black "Adewumi, Tanitoluwa"]
[WhiteFideId "14112639"]
[BlackFideId "30966396"]
[WhiteElo "2357"]
[BlackElo "2485"]
[Result "1-0"]
[Round "11"]
[TimeControl "180+1"]
[Date "2022.02.08"]
[WhiteClock "0:00:29"]
[BlackClock "0:00:03"]

1. e4 g6 2. d4 Bg7 3. Nf3 c6 4. h3 d5 5. Nbd2 dxe4 6. Nxe4 Nf6 7. Nxf6+ exf6 8. Bc4 O-O 9. O-O Nd7 10. Re1 Nb6 11. Bb3 a5 12. a4 Re8 13. Bd2 Bf5 14. Rxe8+ Qxe8 15. Qe1 Qxe1+ 16. Rxe1 Bf8 17. c3 Bd6 18. h4 h5 19. Nh2 Bd3 20. Nf1 Nc4 21. Bc1 b5 22. Ne3 Re8 23. g3 f5 24. Ng2 Rxe1+ 25. Nxe1 Be4 26. Bxc4 bxc4 27. Bg5 Bc7 28. f3 Bd5 29. Kf2 Kg7 30. Ng2 f6 31. Bf4 Bxf4 32. Nxf4 Kf7 33. Ke3 Kg7 34. Nxd5 cxd5 35. f4 Kf7 36. Kd2 Ke7 37. Kc2 g5 38. b3 gxf4 39. gxf4 Kd7 40. b4 1-0


[Site "https://www.chess.com"]

[Event "Late Titled Tuesday Blitz February 8 2022"]
[White "Quirke, Jeffrey"]
[Black "Marcziter, Dmitrii"]
[WhiteFideId "2013029"]
[BlackFideId "13900765"]
[WhiteElo "2269"]
[BlackElo "2155"]
[Result "0-1"]
[Round "11"]
[TimeControl "180+1"]
[Date "2022.02.09"]
[WhiteClock "0:00:19"]
[BlackClock "0:00:50"]

1. d4 d5 2. c4 e6 3. Nc3 c5 4. cxd5 exd5 5. Nf3 Nc6 6. dxc5 d4 7. Na4 Bf5 8. e3 d3 9. Bd2 Qd7 10. Bc3 Nf6 11. Nd4 Nxd4 12. Bxd4 d2+ 13. Kxd2 Be7 14. Bc4 O-O 15. Ke2 Qc6 16. f3 b5 17. Qb3 bxc4 18. Qxc4 Be6 19. Qc2 Nd5 20. a3 Rad8 21. b4 Qb5+ 22. Kf2 Nf4 23. exf4 Rxd4 24. Rad1 Rfd8 25. Rxd4 Rxd4 26. Rd1 Bf6 27. Rxd4 Bxd4+ 28. Kg3 g5 29. fxg5 Qc6 30. Nc3 a5 31. Ne4 axb4 32. axb4 Qd5 33. h4 Bf5 34. Qe2 Qe5+ 35. f4 Qxe4 36. Qxe4 Bxe4 37. Kg4 f5+ 38. gxf6 Kf7 39. f5 Bxg2 40. Kf4 Bc6 0-1


[Site "https://www.chess.com"]

[Event "Late Titled Tuesday Blitz February 8 2022"]
[White "Ramirez, Alejandro"]
[Black "Weetik, Vjacheslav"]
[WhiteFideId "6500617"]
[BlackFideId "4153472"]
[WhiteElo "2694"]
[BlackElo "2469"]
[Result "0-1"]
[Round "11"]
[TimeControl "180+1"]
[Date "2022.02.08"]
[WhiteClock "0:00:20"]
[BlackClock "0:00:05"]

1. b3 d5 2. Bb2 Bg4 3. f3 Bh5 4. e3 Nd7 5. Ne2 e5 6. Ng3 Bg6 7. f4 exf4 8. exf4 Qh4 9. Qe2+ Ne7 10. Nc3 O-O-O 11. Qf2 Nc6 12. O-O-O d4 13. Nb5 Bc5 14. d3 Nf6 15. f5 Bh5 16. Be2 Bxe2 17. Qxe2 Rhe8 18. Qf1 a6 19. Na3 Ng4 20. Nc4 b5 21. Qf3 Qh6+ 22. Kb1 bxc4 23. Qxg4 c3 24. Bc1 Qd6 25. Qxg7 Ba3 26. Qh6 Qb4 27. Bg5 Rd6 28. Qxh7 Bb2 29. Qxf7 Qa3 30. Qxe8+ Kb7 31. Ne4 Rd5 32. Nd6+ Rxd6 33. b4 Nxb4 34. Qf7 Rd5 0-1


[Site "https://www.chess.com"]

[Event "Late Titled Tuesday Blitz February 8 2022"]
[White "Rodrigues Mota, Romulo Cardoso S"]
[Black "Garagulya, Konstantin"]
[WhiteFideId "2187442"]
[BlackFideId "4128931"]
[WhiteElo "1719"]
[BlackElo "2329"]
[Result "0-1"]
[Round "11"]
[TimeControl "180+1"]
[Date "2022.02.09"]
[WhiteClock "0:00:13"]
[BlackClock "0:00:12"]

1. e4 c5 2. Nf3 a6 3. d4 cxd4 4. Nxd4 Nf6 5. Nc3 e5 6. Nb3 Bb4 7. Bd3 d5 8. exd5 e4 9. Be2 Nxd5 10. Bd2 Nxc3 11. bxc3 Bd6 12. O-O Qc7 13. h3 O-O 14. c4 Be5 15. Ba5 b6 16. Bb4 Rd8 17. Qc1 Nc6 18. Ba3 Bxa1 19. Qxa1 Bf5 20. Qc3 Bg6 21. Qe3 Rac8 22. Bb2 Ne5 23. Bxe5 Qxe5 24. Qxb6 Qb2 25. Bd1 Qxa2 26. c5 e3 27. fxe3 Bxc2 28. Bxc2 Qxc2 29. Qb7 Rf8 30. Rxf7 Rxf7 31. Qxc8+ Rf8 32. Qe6+ Kh8 33. c6 h6 34. Nd4 Qc1+ 35. Kh2 a5 36. Qe7 Rg8 37. c7 a4 38. Nb5 Qc6 39. Nd6 a3 40. Nf7+ Kh7 41. Nd8 Qc2 42. Qd7 a2 43. c8=Q Qxc8 44. Qxc8 a1=Q 45. Qf5+ g6 46. Qf7+ Qg7 47. Qxg7+ Rxg7 48. Ne6 Re7 49. Nf4 Rxe3 50. g3 Re8 51. Kg2 Ra8 52. Kf3 Kg7 53. Ng2 Kf7 54. Ne3 Ra3 55. Ke4 Ke6 56. Kf3 Ra4 57. g4 Ra3 58. Kf4 g5+ 59. Ke4 Rb3 60. Kf3 Ke5 61. Kf2 Ke4 62. Ng2 Rxh3 63. Ke2 Rh2 64. Kf2 Rh3 65. Ke2 Ra3 66. Kf2 Ra2+ 67. Kg3 Re2 68. Kh3 Kf3 0-1


[Site "https://www.chess.com"]

[Event "Late Titled Tuesday Blitz February 8 2022"]
[White "Roman, Rodrigo"]
[Black "Bambino Filho, Antonio Carlos"]
[WhiteFideId "3701220"]
[BlackFideId "2113163"]
[WhiteElo "2001"]
[BlackElo "2451"]
[Result "0-1"]
[Round "11"]
[TimeControl "180+1"]
[Date "2022.02.09"]
[WhiteClock "0:00:25"]
[BlackClock "0:00:05"]

1. e4 c5 2. d4 cxd4 3. c3 dxc3 4. Nxc3 e6 5. Nf3 a6 6. Be3 d6 7. Bc4 Nf6 8. Qe2 Be7 9. O-O O-O 10. Rfd1 b5 11. Bb3 Qc7 12. Rac1 Qb7 13. Bf4 Rd8 14. h3 Nc6 15. Nd5 exd5 16. exd5 Na5 17. Bc2 h6 18. Nh4 Nc4 19. Bf5 Nxd5 20. Rxd5 Qxd5 21. Rd1 Qb7 22. Ng6 fxg6 23. Bxg6 Bf6 24. b3 Ne5 25. Bxe5 dxe5 26. Rxd8+ Bxd8 27. Qxe5 Be7 28. Be4 Qd7 29. Bd5+ Kh8 30. g3 Bf6 31. Qh5 Bb7 32. Bf7 Rd8 33. g4 Qd1+ 34. Kh2 Qd6+ 35. Kg1 Qe7 36. Bg6 Qd6 37. Bf5 Qd5 38. Kh2 Qg2# 0-1


[Site "https://www.chess.com"]

[Event "Late Titled Tuesday Blitz February 8 2022"]
[White "Romanchuk, Viktor"]
[Black "Mikhalsky, Vladimir"]
[WhiteFideId "14109271"]
[BlackFideId "14144352"]
[WhiteElo "2242"]
[BlackElo "2248"]
[Result "1-0"]
[Round "11"]
[TimeControl "180+1"]
[Date "2022.02.09"]
[WhiteClock "0:00:54"]
[BlackClock "0:01:08"]

1. d4 g6 2. c4 Bg7 3. Nf3 d6 4. g3 e5 5. dxe5 dxe5 6. Qxd8+ Kxd8 7. Nc3 c6 8. Be3 Kc7 9. O-O-O Bf5 10. Bc5 f6 11. h3 Nh6 12. Bd6+ Kc8 13. g4 Be6 14. Ne4 Nf7 15. Be7 f5 16. gxf5 gxf5 17. Nd6+ Nxd6 18. Bxd6 Bxc4 19. Rg1 Bh6+ 20. Kb1 e4 21. Nd4 f4 22. Nf5 Bf8 23. Bxf8 Rxf8 24. Nd6+ Kc7 25. Rg7+ Kb6 26. Nxc4+ Kc5 27. Nd6 b5 28. Nxe4+ Kb6 29. Bg2 Na6 30. Rxh7 Nb4 31. a3 Nd5 32. Rc1 Rae8 33. Bf3 Re5 34. Nc5 1-0


[Site "https://www.chess.com"]

[Event "Late Titled Tuesday Blitz February 8 2022"]
[White "Rudykh, Stepan"]
[Black "Okike, David"]
[WhiteFideId "4180321"]
[BlackFideId "8500134"]
[WhiteElo "2160"]
[BlackElo "2232"]
[Result "0-1"]
[Round "11"]
[TimeControl "180+1"]
[Date "2022.02.09"]
[WhiteClock "0:00:10"]
[BlackClock "0:01:39"]

1. e4 c5 2. Nf3 Nc6 3. d4 cxd4 4. Nxd4 Nf6 5. Nc3 d6 6. Bg5 a6 7. Qd2 e6 8. O-O-O Bd7 9. f4 h6 10. Bh4 g5 11. fxg5 Ng4 12. Nxc6 Bxc6 13. Be2 Ne5 14. Rhf1 Be7 15. Kb1 hxg5 16. Bg3 Qc7 17. Bxe5 dxe5 18. h3 b5 19. Bg4 Rd8 20. Qf2 Rh7 21. Bh5 Rxd1+ 22. Nxd1 Bd8 23. Bg4 Bxe4 24. Ne3 f5 25. Bxf5 exf5 26. Nxf5 Bxf5 27. Qxf5 Qe7 28. Qg6+ Rf7 29. Qg8+ Qf8 0-1


[Site "https://www.chess.com"]

[Event "Late Titled Tuesday Blitz February 8 2022"]
[White "Rudzinska, Michalina"]
[Black "Osiecki, Stanislaw"]
[WhiteFideId "1172883"]
[BlackFideId "1102990"]
[WhiteElo "1904"]
[BlackElo "2127"]
[Result "1-0"]
[Round "11"]
[TimeControl "180+1"]
[Date "2022.02.09"]
[WhiteClock "0:02:08"]
[BlackClock "0:00:01"]

1. e4 e6 2. d4 d5 3. Nd2 c5 4. exd5 exd5 5. Ngf3 cxd4 6. Nxd4 Nc6 7. Bb5 Bd7 8. N2b3 Bd6 9. O-O Nge7 10. Re1 O-O 11. Bg5 f6 12. Bh4 Nxd4 13. Nxd4 Bxb5 14. Nxb5 Kh8 15. Nxd6 Qxd6 16. Bg3 Qd7 17. c3 Nf5 18. Qf3 Nxg3 19. hxg3 Rfe8 20. Rad1 Rxe1+ 21. Rxe1 h6 22. Rd1 Rd8 23. Rd4 b5 24. b3 Qe6 25. c4 bxc4 26. bxc4 Qe5 27. Rxd5 Rxd5 28. cxd5 Qa1+ 29. Kh2 Qxa2 30. d6 Qd2 31. Qc6 Qd1 32. f3 Kh7 33. d7 h5 34. Qc7 h4 35. d8=Q hxg3+ 36. Kxg3 Qe1+ 37. Kf4 Qh4+ 38. Kf5 Qg5+ 39. Ke6 Qe3+ 40. Kf7 Qb3+ 41. Kf8 1-0


[Site "https://www.chess.com"]

[Event "Late Titled Tuesday Blitz February 8 2022"]
[White "Sarana, Alexey"]
[Black "Sadhwani, Raunak"]
[WhiteFideId "24133795"]
[BlackFideId "35093487"]
[WhiteElo "2665"]
[BlackElo "2616"]
[Result "1/2-1/2"]
[Round "11"]
[TimeControl "180+1"]
[Date "2022.02.08"]
[WhiteClock "0:00:47"]
[BlackClock "0:00:07"]

1. d4 Nf6 2. c4 g6 3. Nc3 Bg7 4. e4 d6 5. Be2 O-O 6. Be3 c5 7. d5 e6 8. Nf3 exd5 9. cxd5 Bg4 10. Nd2 Bxe2 11. Qxe2 Re8 12. O-O Na6 13. h3 Nc7 14. a4 b6 15. Qd3 Nd7 16. Bf4 Ne5 17. Qc2 Na6 18. Bxe5 Bxe5 19. Nc4 Nb4 20. Qe2 Bxc3 21. bxc3 Nxd5 22. Qf3 Nf6 23. Rfe1 Nxe4 24. Rad1 d5 25. Rd3 Qf6 26. Rxd5 Qxf3 27. gxf3 Nxc3 28. Rxe8+ Rxe8 29. Rd7 Nxa4 30. Rxa7 b5 31. Nd6 Rb8 32. Nxf7 c4 33. Ne5 Rb6 34. Ra8+ Kg7 35. Ra7+ Kg8 36. Ra8+ Kg7 37. Ra7+ Kg8 1/2-1/2


[Site "https://www.chess.com"]

[Event "Late Titled Tuesday Blitz February 8 2022"]
[White "Sargsyan, Anna M."]
[Black "Grigorov, Grigor"]
[WhiteFideId "13308130"]
[BlackFideId "2907313"]
[WhiteElo "2271"]
[BlackElo "2510"]
[Result "1-0"]
[Round "11"]
[TimeControl "180+1"]
[Date "2022.02.08"]
[WhiteClock "0:01:04"]
[BlackClock "0:00:06"]

1. e4 c6 2. d4 d5 3. e5 Bf5 4. Nf3 e6 5. Be2 c5 6. c3 Nc6 7. O-O Bg6 8. a3 cxd4 9. cxd4 Nge7 10. Nc3 Nf5 11. g4 Nh4 12. Ne1 h5 13. h3 hxg4 14. hxg4 Nf5 15. Ng2 Nfxd4 16. f4 Nxe2+ 17. Qxe2 Bc5+ 18. Be3 d4 19. Bf2 d3 20. Qd2 Nd4 21. Qd1 Rh3 22. Ne1 Qd7 23. Kg2 Rh7 24. Nxd3 Qc6+ 25. Kg3 O-O-O 26. Nxc5 Rdh8 27. Bxd4 Rh2 28. f5 Bxf5 29. Kf4 g5+ 30. Kxg5 Rg8+ 31. Kf4 Rxg4+ 32. Ke3 Rg3+ 33. Rf3 Rxf3+ 34. Qxf3 Rh3 35. Qxh3 Bxh3 36. N3e4 b6 37. Nd3 Qb5 38. Nd6+ 1-0


[Site "https://www.chess.com"]

[Event "Late Titled Tuesday Blitz February 8 2022"]
[White "Sevian, Samuel"]
[Black "Mamedyarov, Shakhriyar"]
[WhiteFideId "2040506"]
[BlackFideId "13401319"]
[WhiteElo "2698"]
[BlackElo "2769"]
[Result "1-0"]
[Round "11"]
[TimeControl "180+1"]
[Date "2022.02.08"]
[WhiteClock "0:00:09"]
[BlackClock "0:00:09"]

1. d4 Nf6 2. c4 e6 3. Nf3 d5 4. g3 dxc4 5. Bg2 Bb4+ 6. Bd2 a5 7. O-O O-O 8. e3 Ra6 9. Qc2 b5 10. a4 c6 11. Nc3 Rb6 12. e4 Be7 13. e5 Nd5 14. Nxd5 cxd5 15. Bxa5 b4 16. Bxb6 Qxb6 17. a5 Qa7 18. h4 Nc6 19. Qd2 Nxa5 20. h5 h6 21. g4 Qb6 22. Qe3 Bd7 23. Rfe1 Rc8 24. g5 hxg5 25. Nxg5 Nb3 26. Rad1 c3 27. h6 gxh6 28. Nh3 c2 29. Qxb3 cxd1=Q 30. Rxd1 Qd8 31. Rd3 Rc1+ 32. Kh2 Bh4 33. Qxb4 Rc2 34. Rf3 Qf8 35. Qb3 Rc4 36. Qe3 Qg7 37. Rf4 Be7 38. Bf3 Kf8 39. Bh5 Be8 40. Rg4 Qh7 41. Nf4 Bg5 42. Qa3+ Be7 43. Nxe6+ fxe6 44. Qf3+ Bf7 45. Bxf7 Bg5 46. Bxe6+ Ke7 47. Bxd5 Rc1 48. Be4 Qf7 49. Qxf7+ Kxf7 50. f4 Be7 51. d5 Re1 52. Bg6+ Kf8 53. d6 Bd8 54. Bd3 Re3 55. Bc4 1-0


[Site "https://www.chess.com"]

[Event "Late Titled Tuesday Blitz February 8 2022"]
[White "Shahade, Gregory"]
[Black "Reprintsev, Alexander"]
[WhiteFideId "2009064"]
[BlackFideId "14100541"]
[WhiteElo "2667"]
[BlackElo "2126"]
[Result "1-0"]
[Round "11"]
[TimeControl "180+1"]
[Date "2022.02.08"]
[WhiteClock "0:00:38"]
[BlackClock "0:00:10"]

1. e4 d5 2. exd5 Qxd5 3. Nc3 Qa5 4. d4 Nf6 5. Bc4 Bg4 6. Ne2 Nc6 7. Bd2 Bxe2 8. Nxe2 Qb6 9. c3 e5 10. O-O exd4 11. cxd4 Bd6 12. Be3 Na5 13. Qa4+ c6 14. Bd3 Qb4 15. Qxb4 Bxb4 16. a3 Be7 17. b4 Nb3 18. Rab1 Nxd4 19. Nxd4 Nd5 20. Rfe1 O-O-O 21. Nf5 Bf6 22. Bc4 Nc3 23. Rbc1 g6 24. Ng3 b5 25. Bxf7 Kb7 26. h3 a5 27. bxa5 Ra8 28. Bb6 Na4 29. Re6 Bb2 30. Re7+ Ka6 31. Rxc6 Nxb6 32. axb6 Bxa3 33. b7+ 1-0


[Site "https://www.chess.com"]

[Event "Late Titled Tuesday Blitz February 8 2022"]
[White "Solon, Nathan"]
[Black "Peatman, Carter"]
[WhiteFideId "2017229"]
[BlackFideId "2096480"]
[WhiteElo "2553"]
[BlackElo "2413"]
[Result "1-0"]
[Round "11"]
[TimeControl "180+1"]
[Date "2022.02.09"]
[WhiteClock "0:01:11"]
[BlackClock "0:01:23"]

1. d4 d5 2. c4 dxc4 3. Nf3 Nf6 4. e3 a6 5. Bxc4 e6 6. O-O b5 7. Bd3 c5 8. a4 c4 9. Be2 Bb7 10. axb5 axb5 11. Rxa8 Bxa8 12. b3 Bd5 13. Nc3 cxb3 14. Bxb5+ Nbd7 15. e4 Nxe4 16. Nxe4 Bxe4 17. Ne5 Bd6 18. Nxd7 Ke7 19. Qxb3 Qa5 20. Qa4 Qc7 21. Ne5 Ra8 22. Qd1 Ra1 23. Bg5+ 1-0


[Site "https://www.chess.com"]

[Event "Late Titled Tuesday Blitz February 8 2022"]
[White "Stankovic, Ivan G"]
[Black "Aradhya, Garg"]
[WhiteFideId "902837"]
[BlackFideId "25006746"]
[WhiteElo "2195"]
[BlackElo "2169"]
[Result "1-0"]
[Round "11"]
[TimeControl "180+1"]
[Date "2022.02.09"]
[WhiteClock "0:00:33"]
[BlackClock "0:00:29"]

1. e4 e5 2. d4 exd4 3. Qxd4 Nc6 4. Qe3 Nf6 5. Nc3 Bb4 6. Bd2 O-O 7. O-O-O Re8 8. f3 d5 9. Qf2 dxe4 10. Bg5 Qe7 11. Nd5 Qe5 12. Bxf6 gxf6 13. fxe4 Bg4 14. Nxf6+ Qxf6 15. Qxf6 Bxd1 16. Kxd1 Rxe4 17. c3 Rd8+ 18. Kc2 Be7 19. Qf3 Re6 20. Bc4 Rf6 21. Qg3+ Kh8 22. Nf3 Bd6 23. Qg5 Be7 24. Qe3 Rg6 25. g3 Rgd6 26. Bxf7 Bf8 27. Ne5 Bh6 28. Qc5 Rd2+ 29. Kb1 Bf8 30. Qe3 Ne7 31. Nc4 R2d7 32. Ne5 Rd6 33. Bc4 Rd1+ 34. Rxd1 Rxd1+ 35. Kc2 Rh1 36. Qf2 Bg7 37. Nf7+ Kg8 38. Ng5+ Kh8 39. Qf7 Rxh2+ 40. Kb3 Ng8 41. Qxg8# 1-0


[Site "https://www.chess.com"]

[Event "Late Titled Tuesday Blitz February 8 2022"]
[White "Stoleriu, George"]
[Black "Aaditya Dhingra"]
[WhiteFideId "1227505"]
[BlackFideId "25678191"]
[WhiteElo "2203"]
[BlackElo "1789"]
[Result "1-0"]
[Round "11"]
[TimeControl "180+1"]
[Date "2022.02.09"]
[WhiteClock "0:00:38"]
[BlackClock "0:00:10"]

1. Nf3 d5 2. c4 e6 3. b3 c5 4. cxd5 Qxd5 5. Bb2 Nc6 6. g3 Nf6 7. Bg2 Qd7 8. O-O Be7 9. d4 cxd4 10. Nxd4 Nxd4 11. Qxd4 Qxd4 12. Bxd4 Nd5 13. Bxg7 Rg8 14. Bb2 Bd7 15. Nc3 Bf6 16. Nxd5 Bxb2 17. Nc7+ Ke7 18. Nxa8 Bxa1 19. Rxa1 Rxa8 20. Bxb7 Rb8 21. Ba6 Rb6 22. Bc4 Rd6 23. Bd3 e5 24. Kf1 f5 25. f3 Rh6 26. h4 Rc6 27. Ke1 Kd6 28. Kd2 Rc8 29. Rc1 Rg8 30. Rg1 h5 31. e3 f4 32. exf4 exf4 33. g4 hxg4 34. fxg4 Rxg4 35. Rxg4 Bxg4 36. Be2 f3 37. Bf1 Ke5 38. Ke3 a5 39. a3 Bh5 40. b4 axb4 41. axb4 Kd5 42. Bb5 Bg4 43. Kf4 Bh5 44. Kg5 Bf7 45. h5 Kd4 46. h6 Bg8 47. Kf6 Bh7 48. Kg7 Bc2 49. Bf1 Bd3 50. h7 Bxh7 51. Kxh7 f2 52. b5 Kc5 53. Kg6 1-0


[Site "https://www.chess.com"]

[Event "Late Titled Tuesday Blitz February 8 2022"]
[White "Svane, Rasmus"]
[Black "Xiong, Jeffery"]
[WhiteFideId "4657101"]
[BlackFideId "2047640"]
[WhiteElo "2645"]
[BlackElo "2727"]
[Result "0-1"]
[Round "11"]
[TimeControl "180+1"]
[Date "2022.02.08"]
[WhiteClock "0:00:05"]
[BlackClock "0:00:18"]

1. Nf3 g6 2. d4 Bg7 3. e4 d6 4. Bd3 Nc6 5. c3 e5 6. Be3 exd4 7. cxd4 Bg4 8. Bb5 Ne7 9. Nbd2 O-O 10. h3 Bd7 11. Bc4 d5 12. exd5 Nb4 13. O-O Nbxd5 14. Bg5 h6 15. Bxd5 hxg5 16. Bxb7 Rb8 17. Be4 Rxb2 18. Nc4 Rb4 19. Nce5 Bxe5 20. Nxe5 Be6 21. Nf3 g4 22. hxg4 Bxg4 23. Rc1 Qd6 24. Qc2 Bxf3 25. Bxf3 c6 26. Qc5 Qxc5 27. Rxc5 Rxd4 28. Bxc6 Rb8 29. Bb5 Nf5 30. a4 Rb6 31. Rc6 Rxc6 32. Bxc6 Rb4 33. a5 Nd4 34. Bf3 Nxf3+ 35. gxf3 Ra4 36. Rc1 Rxa5 37. Rc7 Ra1+ 38. Kg2 a5 39. Ra7 a4 40. Ra8+ Kg7 41. Ra6 a3 42. Kg3 Kf8 43. Ra7 Ke8 44. f4 Kd8 45. Rxf7 a2 46. Ra7 Rg1+ 47. Kh4 a1=Q 48. Rxa1 Rxa1 49. Kg5 Ra6 50. f5 gxf5 51. Kf4 Ke7 52. Ke5 Ra5+ 53. Kf4 Ke6 0-1


[Site "https://www.chess.com"]

[Event "Late Titled Tuesday Blitz February 8 2022"]
[White "Tan, Jun Ying"]
[Black "Curtis, John"]
[WhiteFideId "5710413"]
[BlackFideId "3200256"]
[WhiteElo "1827"]
[BlackElo "2203"]
[Result "1-0"]
[Round "11"]
[TimeControl "180+1"]
[Date "2022.02.09"]
[WhiteClock "0:00:43"]
[BlackClock "0:00:07"]

1. Nf3 d5 2. c4 c6 3. e3 Nf6 4. Nc3 e6 5. d4 Bd6 6. Bd3 Nbd7 7. e4 dxe4 8. Nxe4 Nxe4 9. Bxe4 e5 10. O-O exd4 11. Qxd4 Qf6 12. Bg5 Qxd4 13. Nxd4 h6 14. Bh4 Be5 15. Rad1 Nf6 16. Nxc6 Bc7 17. Bg3 Nxe4 18. Bxc7 Be6 19. Nd4 Rc8 20. Nxe6 fxe6 21. Be5 Rxc4 22. Bxg7 Rh7 23. Be5 Rd7 24. f3 Nd2 25. Rfe1 Rc5 26. Bc3 Rcd5 27. Rxe6+ Kf7 28. Rde1 1-0


[Site "https://www.chess.com"]

[Event "Late Titled Tuesday Blitz February 8 2022"]
[White "Terletsky, Oleg"]
[Black "Papp, Petra"]
[WhiteFideId "14116774"]
[BlackFideId "739049"]
[WhiteElo "2050"]
[BlackElo "2259"]
[Result "0-1"]
[Round "11"]
[TimeControl "180+1"]
[Date "2022.02.09"]
[WhiteClock "0:00:02"]
[BlackClock "0:00:02"]

1. e4 c5 2. Nf3 d6 3. d4 cxd4 4. Nxd4 Nf6 5. Nc3 a6 6. Bc4 e6 7. O-O b5 8. Bb3 Be7 9. a4 b4 10. Na2 a5 11. c3 bxc3 12. Nxc3 O-O 13. Be3 Bd7 14. Bc4 Nc6 15. Bb5 Rc8 16. Rc1 Ne5 17. b3 Neg4 18. Bg5 h6 19. Bh4 Bxb5 20. Ndxb5 Ne5 21. Bg3 Qb6 22. h3 Nfd7 23. Kh2 Nc5 24. f4 Ned3 25. Rc2 Bf6 26. Rf3 Nb4 27. Rd2 d5 28. exd5 exd5 29. Nxd5 Nxd5 30. Rxd5 Ne4 31. Be1 Rfe8 32. Rfd3 Qe6 33. Bxa5 Nc5 34. Rf3 Ne4 35. Nc7 Rxc7 36. Bxc7 Qc6 37. Be5 Bxe5 38. fxe5 Nc3 39. Rxc3 Qxc3 40. Rd8 Rxd8 41. Qxd8+ Kh7 42. Qd5 Qe3 43. a5 Qf4+ 44. Kg1 Qc1+ 45. Kf2 Qf4+ 46. Ke2 Qb4 47. Qd3+ g6 48. a6 Qa3 49. Kf3 Qa2 50. Qc4 Qa1 51. Qxf7+ Kh8 52. Qf6+ Kh7 53. Qf7+ Kh8 54. Qe8+ Kg7 55. Qd7+ Kg8 56. Qd5+ Kg7 57. Qc4 Qa2 0-1


[Site "https://www.chess.com"]

[Event "Late Titled Tuesday Blitz February 8 2022"]
[White "Triapishko, Alexandr"]
[Black "Taichman, Ori"]
[WhiteFideId "14122286"]
[BlackFideId "2804069"]
[WhiteElo "2479"]
[BlackElo "2227"]
[Result "1-0"]
[Round "11"]
[TimeControl "180+1"]
[Date "2022.02.08"]
[WhiteClock "0:00:34"]
[BlackClock "0:00:03"]

1. Nf3 Nf6 2. g3 g6 3. b3 Bg7 4. Bb2 O-O 5. Bg2 d6 6. d4 e5 7. dxe5 Ng4 8. Nc3 Nxe5 9. Nxe5 dxe5 10. Qxd8 Rxd8 11. Nd5 Na6 12. Ne7+ Kh8 13. Nxc8 Nb4 14. Bxb7 Nxc2+ 15. Kf1 Raxc8 16. Rc1 Rb8 17. Rxc2 Rxb7 18. Kg2 e4 19. Bxg7+ Kxg7 20. Rhc1 a5 21. e3 a4 22. Rxc7 Rxc7 23. Rxc7 Rd2 24. bxa4 Rxa2 25. Rc4 f5 26. g4 Kf6 27. h3 Ra1 28. h4 h6 29. Rc6+ Kg7 30. h5 gxh5 31. gxf5 Rxa4 32. Kg3 Ra2 33. Rg6+ Kh7 34. Kf4 Rxf2+ 35. Kxe4 h4 36. Ke5 h3 37. Rg3 h2 38. Rh3 Rf3 39. Rxh2 Rxe3+ 40. Kf6 Kg8 41. Rg2+ Kf8 42. Ra2 Kg8 43. Ra8+ Kh7 44. Ra7+ Kg8 45. Re7 Rf3 46. Rg7+ Kf8 47. Rh7 Kg8 48. Rb7 Rf1 49. Rb8+ Kh7 50. Ke6 Kg7 51. Rb7+ Kf8 52. Rh7 1-0


[Site "https://www.chess.com"]